 Dungeon Crawl Stone Soup version 0.27-a0-448-gace5c5693b (webtiles) character file.

Game seed: 11167114543414490975

7854 rednaxela the Covert (level 11, -2/47 HPs)
             Began as a Spriggan Enchanter on Feb 28, 2021.
             Was a Priest of Dithmenos.
             Killed by divine providence
             ... invoked by an orc priest
              (14 damage)
             ... on level 9 of the Dungeon.
             The game lasted 00:36:28 (13975 turns).

rednaxela the Covert (Spriggan Enchanter)          Turns: 13975, Time: 00:36:29

Health: -2/47      AC:  8    Str:  6    XL:     11   Next: 2%
Magic:  10/22      EV: 27    Int: 18    God:    Dithmenos [***...]
Gold:   636        SH:  5    Dex: 16    Spells: 10/24 levels left

rFire    . . .     SeeInvis +   h - +3 dagger (elec)
rCold    + . .     Faith    .   (shield restricted)
rNeg     . . .     Spirit   .   D - +3 steam dragon scales
rPois    .         Reflect  +   (helmet restricted)
rElec    .         Harm     .   (no cloak)
rCorr    .         Rampage  .   (gloves unavailable)
Will     +....                  (boots unavailable)
Stlth    +++++++...             n - amulet of reflection
HPRegen  0.15/turn              e - ring of protection from cold
MPRegen  0.18/turn              (no ring)

@: confusing touch, wreathed by umbra, very quick
A: very small, unfitting armour, see invisible, speed 3
a: Renounce Religion, Shadow Step


You were on level 9 of the Dungeon.
You worshipped Dithmenos.
Dithmenos was most pleased with you.
You visited 2 branches of the dungeon, and saw 10 of its levels.
You also visited: Ossuary.

You collected 636 gold pieces.

Inventory:

Hand Weapons
 h - a +3 dagger of electrocution (weapon)
   (You took it off a goblin on level 1 of the Dungeon)
 m - a +0 rapier
   (You found it on level 3 of the Dungeon)
 E - a +1 short sword of venom
   (You took it off a kobold on level 7 of the Dungeon)
Missiles
 t - 3 throwing nets {!f}
 w - 59 poisoned darts
Armour
 D - +3 steam dragon scales (worn)
   (You took it off Maggie on level 6 of the Dungeon)
Jewellery
 e - a ring of protection from cold (left hand)
   (You took it off a hobgoblin on level 1 of the Dungeon)
 l - a ring of flight
   (You found it on level 3 of the Dungeon)
 n - an amulet of reflection (around neck)
   (You found it on level 3 of the Dungeon)
Wands
 u - a wand of polymorph (8)
   (You found it on level 4 of the Dungeon)
 y - a wand of flame (6) {@v4}
   (You took it off Dowan on level 6 of the Dungeon)
Scrolls
 b - a scroll of fog {!r}
 d - a scroll of enchant weapon
 f - 6 scrolls of teleportation {@r3 !r}
 g - 2 scrolls of magic mapping {@r5 !r}
 j - 2 scrolls of immolation
 k - 5 scrolls of fear {!r}
 o - 4 scrolls of identify {@r1}
 p - 5 scrolls of amnesia
Potions
 a - 2 potions of resistance {unknown}
 c - 5 potions of brilliance
 i - 4 potions of curing {@q1 !q}
 q - 3 potions of ambrosia {unknown}
 r - 4 potions of heal wounds {@q2 !q}
 s - a potion of attraction {unknown}
 v - 3 potions of might {@q3 !q}
 x - 2 potions of mutation {unknown}
 z - 3 potions of magic {unknown}
 A - 2 potions of haste {unknown}
 B - 4 potions of flight {unknown}
 C - a potion of degeneration {unknown}
 F - 2 potions of cancellation {unknown}


   Skills:
 - Level 1.1 Short Blades
 - Level 12.0 Dodging
 - Level 12.0 Stealth
 - Level 7.0 Spellcasting
 - Level 7.4 Hexes
 - Level 6.0 Transmutations
 + Level 5.8 Invocations
 + Level 7.8 Evocations


You had 10 spell levels left.
You knew the following spells:

 Your Spells              Type           Power        Failure   Level
a - Corona                Hex            36%          1%          1
b - Ensorcelled Hibernat  Hex/Ice        38%          3%          2
c - Confusing Touch       Hex            33%          1%          3
d - Tukima's Dance        Hex            33%          1%          3
e - Yara's Violent Unrav  Hex/Tmut       15%          19%         5

Your spell library contained the following spells:

 Spells                   Type           Power        Failure   Level
 Dazzling Flash           Conj/Hex       38%          7%          3
 Poisonous Vapours        Pois/Air       12%          16%         2
 Petrify                  Tmut/Erth      17%          30%         4
 Conjure Flame            Conj/Fire      6%           32%         3
 Gell's Gravitas          Tloc           3%           32%         3
 Mephitic Cloud           Conj/Pois/Air  6%           32%         3
 Metabolic Englaciation   Hex/Ice        9%           54%         5
 Freezing Cloud           Conj/Ice/Air   3%           100%        6


Dungeon Overview and Level Annotations

Branches:
Dungeon (9/15)             Temple (1/1) D:7            Lair (0/6) D:9
Ossuary (visited)
    Orc: D:9-12

Altars:
Ashenzari
Cheibriados
Dithmenos
Elyvilon
Fedhas
Gozag
Hepliaklqana
Kikubaaqudgha
Makhleb
Nemelex Xobeh
Okawaru
Qazlal
Ru
Sif Muna
Trog
Vehumet
Wu Jian
Xom
Yredelemnul
Zin
The Shining One

Annotations:
D:7 2 transporters, sraybest's ghost, novice TrFi


Innate Abilities, Weirdness & Mutations

You are very small and have problems with some larger weapons.
You are too small for most types of armour.
You have supernaturally acute eyesight. (SInv)
You cover ground extremely quickly.


Message History

An orc wizard comes into view. It is wielding a +0 dagger.
Items here: ! ( )) [.
Casting: Confusing Touch (safe; 1% risk of failure)
Confirm with . or Enter, or press ? or * to list all spells.
Your hands begin to glow red.
The orc wizard shouts! x2
An orc comes into view. It is wielding a +0 dagger.
The orc wizard hits you but does no damage.
The orc shouts!
You hit the orc wizard but do no damage.
The orc wizard appears confused.
You hear a shout!
You hit the orc wizard but do no damage.
Lightning courses through the orc wizard!
You kill the orc wizard!
An ice beast comes into view.
A worker ant comes into view.
The orc hits you but does no damage.
Things that are here:
a +0 dagger; a +0 robe An orc priest comes into view.
It is wielding a +0 club.
Items here: ! ( )) [.
Casting: Confusing Touch (safe; 1% risk of failure)
Confirm with . or Enter, or press ? or * to list all spells.
Your hands begin to glow red.
You closely miss the orc wizard. The orc wizard casts a spell at you.
The magic dart hits you!
* * * LOW HITPOINT WARNING * * *
You hit the orc wizard but do no damage.
The orc wizard appears confused.
The orc wizard closely misses you.
You hit the orc wizard.
The orc wizard is moderately wounded.
The orc priest begins to cast a cantrip, but forgets the words!
You block the orc wizard's attack.
You strike the helpless orc wizard from behind!
You impale the orc wizard!!
Lightning courses through the orc wizard!
You kill the orc wizard!
Casting: Confusing Touch (safe; 1% risk of failure)
Confirm with . or Enter, or press ? or * to list all spells.
Your hands begin to glow red.
The orc misses you.
You hit the orc but do no damage.
The worker ant waves its antennae.
You block the orc's attack.
You closely miss the orc.
The orc priest looks satisfied for a moment.
You hit the orc but do no damage.
The orc appears confused.
You hit the orc.
The orc is moderately wounded.
The orc closely misses you.
You hit the orc but do no damage.
The orc is moderately wounded.
The orc barely misses the ice beast.
You hit the orc. Lightning courses through the orc!
You kill the orc!
The orc priest miscasts a cantrip.
Casting: Confusing Touch (safe; 1% risk of failure)
Confirm with . or Enter, or press ? or * to list all spells.
Your hands begin to glow red.
The ice beast misses you.
You hit the ice beast but do no damage. You block the ice beast's attack.
You hit the ice beast but do no damage. The ice beast closely misses you.
You completely miss the ice beast. The ice beast completely misses you.
You hit the ice beast but do no damage. The ice beast misses you.
You barely miss the ice beast. The ice beast misses you.
You hit the ice beast but do no damage. The ice beast hits you.
* * * LOW HITPOINT WARNING * * *
The ice beast freezes you. You resist.
* * * LOW HITPOINT WARNING * * *
You closely miss the ice beast. The ice beast barely misses you.
You barely miss the ice beast. The ice beast completely misses you.
You hit the ice beast but do no damage.
The ice beast appears confused.
The ice beast hits you but does no damage.
You catch the helpless ice beast completely off-guard!
You impale the ice beast!!
You kill the ice beast!
Casting: Confusing Touch (safe; 1% risk of failure)
Confirm with . or Enter, or press ? or * to list all spells.
Your hands begin to glow red.
You block the worker ant's attack.
The orc priest casts a cantrip, but nothing happens.
You hit the worker ant but do no damage.
The worker ant bites you.
* * * LOW HITPOINT WARNING * * *
The worker ant completely misses you.
You hit the worker ant but do no damage.
The worker ant appears confused.
The worker ant closely misses the orc priest.
You hit the worker ant but do no damage.
Lightning courses through the worker ant!
You kill the worker ant!
The orc priest invokes the aid of Beogh against you.
Beogh smites you!
* * * LOW HITPOINT WARNING * * *
Items here: ! )) [[ †.
Casting: Confusing Touch (safe; 1% risk of failure)
Confirm with . or Enter, or press ? or * to list all spells.
Your hands begin to glow red.
The orc priest mumbles some strange prayers to Beogh against you.
Beogh smites you!
You die...

.......... ... #..
.B... ... #.# #....
#'# #.# #...o #.# #.#
#...####### #.#
#.#.#...#.....#
#.####.#.....)Y.#
#####......#####.#..#
#............@o).#..#
###.##############..#
#.# ..# #.# ...
##.#### #.##
#.....###### .#
#.....#....###
#.....+....'.
###.....#....#


You could see an orc priest.

Vanquished Creatures
  Harold (D:8)
  A hydra (D:8)
  Joseph (D:9)
  Maggie (D:6)
  A komodo dragon (D:9)
  Grinder (D:4)
  2 dream sheep (D:8)
  A basilisk (D:8)
  Menkaure (D:6)
  A water moccasin (D:9)
  Duvessa (D:7)
  2 orc warriors
  3 ice beasts
  A black bear (D:9)
  A sky beast (D:5)
  A hornet zombie (D:7)
  4 ogres
  3 centaurs
  2 phantoms
  6 kobold brigands
  Blork the orc (D:4)
  5 bullfrogs
  2 elf skeletons (D:5)
  2 elf zombies (D:5)
  3 scorpions
  Dowan (D:6)
  5 killer bees (D:7)
  5 wights (D:7)
  An electric eel (D:8)
  2 howler monkeys (D:8)
  A centaur zombie (D:9)
  4 bullfrog zombies
  4 hounds
  2 bullfrog skeletons
  5 orc priests
  Crazy Yiuf (D:2)
  A gnoll shaman (D:4)
  Natasha (thrice) (D:2)
  An iguana (D:6)
  12 orc wizards
  6 worker ants
  A hound skeleton (D:4)
  8 mummies (Ossuary)
  Robin (D:2)
  9 gnolls
  6 adders
  A shadow imp (D:5)
  3 white imps
  An ooze (D:5)
  2 worms
  2 dart slugs (D:2)
  6 leopard geckos
  19 orcs
  4 giant cockroaches
  13 goblins
  12 hobgoblins
  16 jackals
  24 kobolds
  5 quokkas
  A ball python skeleton (D:4)
  8 bats
  5 frilled lizards
  2 gnoll zombies (Ossuary)
  A hobgoblin zombie (Ossuary)
  A jackal zombie (D:5)
  2 kobold zombies (Ossuary)
  2 orc skeletons (D:5)
  3 orc zombies (Ossuary)
  8 rats
268 creatures vanquished.

Vanquished Creatures (collateral kills)
  2 ogres
  An orc wizard (D:8)
  An orc (D:6)
4 creatures vanquished.

Vanquished Creatures (others)
  A scorpion (D:5)
  A gnoll (D:5)
  An adder (D:5)
  A leopard gecko (D:5)
  2 orcs (D:5)
  34 plants
40 creatures vanquished.

Grand Total: 312 creatures vanquished

Notes
Turn   | Place    | Note
-------+----------+-------------------------------------------
     0 | D:1      | rednaxela the Spriggan Enchanter began the quest for the
                  | Orb.
     0 | D:1      | Reached XP level 1. HP: 9/9 MP: 5/5
    23 | D:1      | Reached skill level 3 in Spellcasting
   186 | D:2      | Reached skill level 4 in Hexes
   186 | D:2      | Reached XP level 2. HP: 3/13 MP: 7/7
   192 | D:2      | Learned a level 2 spell: Ensorcelled Hibernation
  1070 | D:1      | Reached XP level 3. HP: 12/16 MP: 9/9
  1724 | D:2      | Found a sacrificial altar of Ru.
  1989 | D:2      | Reached skill level 4 in Spellcasting
  2002 | D:2      | You fall into a shaft and drop 2 floors!
  2094 | D:4      | Reached XP level 4. HP: 15/21 MP: 3/11
  2096 | D:4      | Reached skill level 5 in Hexes
  2606 | D:4      | Reached skill level 5 in Spellcasting
  2606 | D:4      | Reached XP level 5. HP: 24/24 MP: 6/13
  2610 | D:4      | Learned a level 3 spell: Confusing Touch
  2614 | D:4      | Learned a level 3 spell: Tukima's Dance
  2892 | D:3      | Found a white marble altar of Elyvilon.
  3351 | D:2      | Found a runed translucent door.
  3352 | D:2      | Noticed Crazy Yiuf
  3358 | D:2      | Killed Crazy Yiuf
  3359 | D:2      | Reached skill level 6 in Hexes
  3449 | D:2      | Noticed Robin
  3575 | D:2      | Killed Robin
  3594 | D:2      | Noticed Natasha
  3602 | D:2      | Killed Natasha
  3704 | D:2      | Reached XP level 6. HP: 17/28 MP: 12/15
  3945 | D:2      | Found a broken altar of Ashenzari.
  4069 | D:2      | Noticed Natasha
  4079 | D:2      | Killed Natasha
  4092 | D:2      | Noticed Natasha
  4103 | D:2      | Killed Natasha
  4104 | D:2      | Reached skill level 6 in Spellcasting
  4438 | D:2      | Found a sacrificial altar of Ru.
  4741 | D:2      | Found a broken altar of Ashenzari.
  5193 | D:3      | Found a basalt altar of Yredelemnul.
  5268 | D:3      | Found a glowing silver altar of Zin.
  5686 | D:3      | Found a blossoming altar of Fedhas.
  6227 | D:4      | Reached skill level 7 in Hexes
  6252 | D:4      | Noticed Blork the orc
  6259 | D:4      | Killed Blork the orc
  6453 | D:4      | Reached skill level 7 in Spellcasting
  6453 | D:4      | Reached XP level 7. HP: 27/32 MP: 14/18
  6583 | D:4      | Reached skill level 3 in Dodging
  6778 | D:4      | Noticed Grinder
  6793 | D:4      | Killed Grinder
  6794 | D:4      | Reached skill level 4 in Dodging
  6794 | D:4      | Reached skill level 6 in Stealth
  7161 | D:5      | Entered Level 5 of the Dungeon
  7237 | D:5      | Reached skill level 5 in Dodging
  7252 | D:5      | Found a sand-covered staircase.
  7262 | D:5      | Reached skill level 7 in Stealth
  7265 | Ossuary  | Entered an ossuary
  7546 | Ossuary  | Reached XP level 8. HP: 36/36 MP: 15/19
  7882 | D:5      | Reached skill level 6 in Dodging
  7892 | D:5      | Reached skill level 8 in Stealth
  8089 | D:5      | Found an ancient bone altar of Kikubaaqudgha.
  8114 | D:5      | Reached skill level 7 in Dodging
  8114 | D:5      | Reached skill level 9 in Stealth
  8521 | D:5      | Found a shimmering altar of Xom.
  8869 | D:5      | Reached skill level 8 in Dodging
  8888 | D:6      | Reached skill level 10 in Stealth
  8914 | D:6      | Found a shadowy altar of Dithmenos.
  8936 | D:6      | Became a worshipper of Dithmenos the Shadowed
  9034 | D:6      | Noticed Duvessa
  9036 | D:6      | Noticed Dowan
  9044 | D:6      | Killed Dowan
  9189 | D:7      | Killed Duvessa
  9225 | D:6      | Reached XP level 9. HP: 26/39 MP: 9/20
  9483 | D:6      | Learned a level 5 spell: Yara's Violent Unravelling
  9528 | D:6      | Reached skill level 1 in Transmutations
  9624 | D:6      | Reached skill level 9 in Dodging
  9710 | D:6      | Reached skill level 11 in Stealth
  9715 | D:6      | Reached skill level 2 in Transmutations
  9794 | D:6      | Noticed Maggie
  9794 | D:6      | Noticed Menkaure
  9803 | D:6      | Killed Maggie
  9804 | D:6      | Reached skill level 3 in Transmutations
  9808 | D:6      | Killed Menkaure
 10302 | D:6      | Found an ornate altar of the Wu Jian Council.
 10551 | D:6      | Found a snail-covered altar of Cheibriados.
 10598 | D:6      | Reached * piety under Dithmenos
 10599 | D:6      | Reached skill level 4 in Transmutations
 10731 | D:7      | Reached skill level 10 in Dodging
 10731 | D:7      | Reached skill level 12 in Stealth
 10828 | D:7      | Found a sparkling altar of Nemelex Xobeh.
 10866 | D:7      | Reached skill level 5 in Transmutations
 10956 | D:7      | Noticed sraybest's ghost (novice TrFi)
 10956 | D:7      | Noticed a brown ugly thing
 10957 | D:7      | Found a transporter.
 10958 | D:7      | Found a transporter.
 10995 | D:7      | Found a staircase to the Ecumenical Temple.
 11039 | D:7      | Reached skill level 6 in Transmutations
 11110 | D:7      | Reached skill level 11 in Dodging
 11291 | D:7      | Reached XP level 10. HP: 44/44 MP: 21/21
 11322 | D:7      | Reached ** piety under Dithmenos
 11651 | D:8      | Found a stormy altar of Qazlal.
 11726 | D:8      | Found a sparkling altar of Nemelex Xobeh.
 11763 | D:7      | Reached skill level 12 in Dodging
 11887 | Temple   | Entered the Ecumenical Temple
 12159 | D:8      | Reached skill level 1 in Evocations
 12272 | D:8      | Reached skill level 1 in Invocations
 12335 | D:8      | Reached skill level 2 in Evocations
 12520 | D:8      | Noticed Harold
 12545 | D:8      | Killed Harold
 12546 | D:8      | Reached skill level 3 in Invocations
 12546 | D:8      | Reached skill level 4 in Evocations
 12682 | D:8      | Reached skill level 5 in Evocations
 12686 | D:8      | Reached skill level 4 in Invocations
 12688 | D:8      | Reached *** piety under Dithmenos
 12732 | D:8      | Noticed a three-headed hydra
 13117 | D:8      | Killed a three-headed hydra
 13118 | D:8      | Reached skill level 6 in Evocations
 13458 | D:9      | Reached skill level 5 in Invocations
 13682 | D:9      | Reached skill level 7 in Evocations
 13708 | D:9      | Found a staircase to the Lair.
 13888 | D:9      | Noticed Joseph
 13901 | D:9      | Killed Joseph
 13902 | D:9      | Reached XP level 11. HP: 30/47 MP: 19/22
 13975 | D:9      | Killed from afar by an orc priest

Illustrated notes

Levels and vault maps discovered:
D:1:      dpeg_arrival_central, layout_basic, minmay_crystal_room
D:2:      layout_loops_corners, nicolae_ru_great_annihilating_truth,
          marbit_many_paths, uniq_robin, uniq_crazy_yiuf_cottage, uniq_natasha
D:3:      layout_basic, lemuel_round_altar, elyvilon_altar_1,
          overflow_temple_1_default, fedhas_altar_fruit_tree
D:4:      layout_loops_ring, nrook_mini_backslash, uniq_blork_the_orc,
          uniq_grinder
D:5:      layout_loops_ring, kiku_gazebo_garden_becter, xom_confusion_cloud,
          nicolae_ossuary_entry_catacombs
D:6:      layout_gridville, pdpol_wu_jian_five_deadly_venoms,
          kennysheep_mini_moat, lemuel_doored_altar, grunt_ministairs_2,
          minmay_a_box_with_orc_wizards_in_it, uniq_duvessa, uniq_maggie,
          uniq_menkaure
D:7:      layout_cave_pools, minmay_temple_entry_from_below_a,
          gammafunk_ghost_arena, minmay_misc_feat_columns,
          nemelex_diamond_rough_becter
D:8:      layout_cave_pools, nemelex_xobeh_ov_fountains_minmay,
          nicolae_qazlal_eye_of_the_storm, minivault_14, hangedman_ranch
          [blue_anna_fruit_fields], uniq_harold
D:9:      minmay_klotski, layout_basic, eat_drink_and_be_merry_uskayaw,
          david_lair_shrubbed, trog_hazing_becter, uniq_joseph
Temple:   compressed_dpeg_triangle_lava_temple

Skill      XL: |  1  2  3  4  5  6  7  8  9 10 |
---------------+-------------------------------+-----
Spellcasting   | 3 4 5 7 |  7.0
Hexes          | 4 5 6 7 |  7.4
Dodging        | 5 8 11 12 | 12.0
Stealth        | 7 10 12 | 12.0
Transmutations | 6 |  6.0
Evocations     | 7 |  7.8
Invocations    | 5 |  5.8
Short Blades   | |  1.1

Action                   |  1- 3 |  4- 6 |  7- 9 | 10-12 || total
-------------------------+-------+-------+-------+-------++-------
Melee: Dagger            |    76 |   175 |   380 |   203 ||   834
 Cast: Ensorcelled Hiber |    21 |    34 |    33 |    37 ||   125
       Corona            |     6 |       |     5 |     2 ||    13
       Confusing Touch   |       |     8 |    43 |    19 ||    70
       Tukima's Dance    |       |       |     3 |     4 ||     7
  Use: Scroll            |       |     4 |     9 |     2 ||    15
 Stab: Sleeping          |    21 |    25 |    40 |    23 ||   109
       Confused          |       |     6 |    30 |    13 ||    49
Armor: Robe              |     5 |    16 |     4 |       ||    25
       Steam dragon scal |       |       |     8 |    11 ||    19
Dodge: Dodged            |    58 |    84 |   204 |   158 ||   504
Block: Other             |       |    23 |    59 |    29 ||   111
       Reflection        |       |     1 |     4 |       ||     5

Table legend: (Time is in decaauts)
 A = Elapsed time spent in this place.
 B = Non-inter-level travel time spent in this place.
 C = Inter-level travel time spent in this place.
 D = Time resting spent in this place.
 E = Time spent auto-exploring this place.
 F = Levels seen in this place.
 G = Mean time per level.
                   A        B        C        D        E       F      G
               +--------+--------+--------+--------+--------+-----+--------+
         Total |  11112 |  10956 |    156 |   2227 |   6336 |  11 | 1010.2 |
       Dungeon |  10430 |  10279 |    151 |   2049 |   6121 |   9 | 1158.9 |
        Temple |    157 |    153 |      4 |      0 |    142 |   1 |  157.0 |
       Ossuary |    524 |    524 |      0 |    178 |     71 |   1 |  524.0 |
               +--------+--------+--------+--------+--------+-----+--------+

Top non-repeatable levels by time:
     D:2: 2041 daAuts
     D:4: 1526 daAuts
     D:6: 1480 daAuts
     D:7: 1166 daAuts
     D:1: 1087 daAuts
     D:3: 1018 daAuts
     D:8: 952 daAuts
     D:5: 718 daAuts
 Ossuary: 524 daAuts
     D:9: 438 daAuts
  Temple: 157 daAuts
